Description

Beginner build in development. Focuses on constant SCV and Marine production, early 2 Reapers + 1 Hellion into fast Cyclone. Transition to 3 Tanks, 3 Ravens, and a round of Marines. Position third Command Center and react: attack if opponent is passive, otherwise defend and win the first engagement.

Build Order

Get SALT Encoding   

  14  0:17  Supply Depot  
  16  0:40  Barracks  
  16  0:45   Refinery  
  17  0:55  Refinery  
  19  1:27   Reaper  
  20  1:28  Orbital Command  
  20  1:30  Supply Depot  
  20  1:40  Factory  
  22  2:00  Reaper  
  23  2:18  Command Center  
  24  2:25  Hellion  
  26  2:33  Barracks Reactor  
  26  2:35  Supply Depot  
  27  2:45  Starport  
  27  2:48  Factory Tech Lab  
  30  3:08  Cyclone  
  32  3:15  Refinery  
  35  3:28  Medivac  
  43  3:52  Siege Tank  
  44  4:00  Starport Tech Lab  
  50  4:18  Raven, Interference Matrix  
  53  4:28  Siege Tank  
  59  4:50  Raven  
  61  5:00  Command Center  
  68  5:15  Siege Tank  
  69  5:16  Refinery  
  72  5:28  Raven  
Spawning Tool Build Advisor. Get it on Overwolf

Go to:

Details

  • Created by: CapitanKara
  • Published on: Sep 12, 2025
  • Modified on: Sep 12, 2025
  • Patch: 5.0.11
  • Difficulty: Medium
Show
View Real Time Build Order
Export as new Build Order

Comments (0)

There are no comments. Be the first!

Create an account to comment!